 Dungeon Crawl Stone Soup version 0.23-a0-338-g8ff0b24 (webtiles) character file.

251052 rabbit the Thaumaturge (level 19, -3/148 HPs)
             Began as a Gnoll Wizard on Oct 17, 2018.
             Was the Champion of Ashenzari.
             Splashed by a caustic shrike's acid (7 damage)
             ... on level 15 of the Dungeon on Oct 18, 2018.
             The game lasted 07:16:41 (75471 turns).

rabbit the Thaumaturge (Gnoll Wizard)              Turns: 75471, Time: 07:16:41

Health: -3/148     AC: 15    Str: 11    XL:     19   Next: 64%
Magic:  0/37       EV: 30    Int: 28    God:    Ashenzari [******]
Gold:   2495       SH: 13    Dex: 16    Spells: 5/46 levels left

rFire    + + +     SeeInvis +   a - +5 rapier (elec) (curse)
rCold    + . .     Gourm    .   O - +0 shield (curse)
rNeg     . . .     Faith    .   v - +3 leather armour of Entitlement {MR+ Dex+3} (curse)
rPois    .         Spirit   .   h - +2 helmet {SInv} (curse)
rElec    .         Reflect  .   t - scarf {rC+ rF+} (curse)
rCorr    .         Harm     .   B - +0 pair of gloves (curse)
MR       ++++.     Clarity  +   D - +1 pair of boots of the Distant Future {rF+} (curse)
Stlth    ++++++....             w - amulet of the Skies Above {Acrobat +Blink +Inv rF+ MR+} (curse)
HPRegen  0.34/turn              k - ring of protection from magic (curse)
MPRegen  0.25/turn              V - +5 ring of evasion (curse)

@: very slightly contaminated
A: distributed training, fangs 1, strong nose
}: 2/15 runes: barnacled, gossamer
a: Curse Item, Scrying, Renounce Religion, Evoke Blink, Evoke Invisibility


You were on level 15 of the Dungeon.
You worshipped Ashenzari.
Ashenzari was exalted by your worship.
You were not hungry.

You visited 8 branches of the dungeon, and saw 36 of its levels.

You collected 3565 gold pieces.
You spent 1070 gold pieces at shops.

Inventory:

Hand Weapons
 a - a cursed +5 rapier of electrocution (weapon)
 p - a +3 demon trident of freezing
Missiles
 e - 10 throwing nets
 i - 1016 stones
 j - 305 sling bullets (quivered)
 X - 37 javelins of penetration
Armour
 h - a cursed +2 helmet of see invisible (worn)
 o - a +0 cloak of poison resistance
 t - a cursed scarf of resistance (worn)
 v - the cursed +3 leather armour of Entitlement (worn) {MR+ Dex+3}
   (You took it off a gnoll on level 4 of the Dungeon)

   It affects your dexterity (+3).
   It affects your resistance to hostile enchantments.
   It has a curse placed upon it.
 B - a cursed +0 pair of gloves (worn)
 D - the cursed +1 pair of boots of the Distant Future (worn) {rF+}
   (You found it on level 5 of the Dungeon)

   It protects you from fire.
   It has a curse placed upon it.
 O - a cursed +0 shield (worn)
Magical Staves
 N - an uncursed staff of air
Jewellery
 k - a cursed ring of protection from magic (left hand)
 w - the cursed amulet of the Skies Above (around neck) {Acrobat +Blink +Inv rF+ MR+}
   (You found it on level 5 of the Dungeon)

   [amulet of the acrobat]

   It helps you evade while moving and waiting.
   It protects you from fire.
   It affects your resistance to hostile enchantments.
   It lets you turn invisible.
   It lets you blink.
   It has a curse placed upon it.
 V - a cursed +5 ring of evasion (right hand)
Wands
 r - a wand of clouds (21)
 C - a wand of enslavement (4)
 E - a wand of disintegration (9)
 F - a wand of iceblast (20)
 K - a wand of acid (16)
 Q - a wand of paralysis (50)
 T - a wand of scattershot (14)
 U - a wand of digging (5)
Scrolls
 m - 11 scrolls of identify
 q - 9 scrolls of teleportation
 x - 2 scrolls of amnesia
 y - 2 scrolls of blinking
 z - a scroll of enchant armour
 I - 3 scrolls of fog
 S - 8 scrolls of remove curse
 Z - 2 scrolls of magic mapping
Potions
 c - 6 potions of might
 f - a potion of resistance
 g - 2 potions of invisibility
 l - 8 potions of curing
 n - 3 potions of agility
 u - 7 potions of heal wounds
 G - a potion of brilliance
 L - 4 potions of haste
 M - 5 potions of flight
 Y - 4 potions of ambrosia
Comestibles
 d - 29 rations


   Skills:
 + Level 12.7 Fighting
 + Level 12.7(16.8) Short Blades
 + Level 12.7 Long Blades
 + Level 12.7 Axes
 + Level 12.7 Maces & Flails
 + Level 12.7 Polearms
 + Level 12.7 Staves
 + Level 12.7 Slings
 + Level 12.7 Bows
 + Level 12.7 Crossbows
 + Level 12.7 Throwing
 + Level 12.7 Armour
 + Level 13.4(17.5) Dodging
 + Level 13.3(17.4) Stealth
 + Level 12.7(15.4) Shields
 + Level 12.7 Unarmed Combat
 + Level 14.2 Spellcasting
 + Level 11.1(15.3) Conjurations
 + Level 10.9(15.1) Hexes
 + Level 10.9(15.1) Charms
 + Level 11.1(15.3) Summonings
 + Level 10.9(15.1) Necromancy
 + Level 11.1(15.3) Translocations
 + Level 10.9(15.1) Transmutations
 + Level 10.9(15.1) Fire Magic
 + Level 10.9(15.1) Ice Magic
 + Level 10.9(15.1) Air Magic
 + Level 10.9(15.1) Earth Magic
 + Level 10.9(15.1) Poison Magic
 + Level 13.7 Invocations
 + Level 12.7(16.8) Evocations


You had 5 spell levels left.
You knew the following spells:

 Your Spells              Type           Power        Failure   Level  Hunger
a - Magic Dart            Conj           ####         0%          1    None
b - Blink                 Tloc           N/A          0%          2    None
c - Call Imp              Summ           #######.     0%          2    None
d - Conjure Flame         Conj/Fire      #######.     1%          3    None
e - Mephitic Cloud        Conj/Pois/Air  #######.     1%          3    None
f - Animate Dead          Necr           N/A          1%          4    None
g - Summon Ice Beast      Ice/Summ       #######.     1%          4    None
h - Spectral Weapon       Hex/Chrm       #######.     1%          3    None
i - Summon Mana Viper     Hex/Summ       #######.     1%          5    #......
j - Iron Shot             Conj/Erth      #######...   1%          6    ####...
k - Regeneration          Chrm/Necr      #######...   1%          3    None
l - Fireball              Conj/Fire      #######...   1%          5    #......

Your spell library contained the following spells:

 Spells                   Type           Power        Failure   Level  Hunger
 Animate Skeleton         Necr           N/A          0%          1    None
 Confusing Touch          Hex            ######       0%          1    None
 Flame Tongue             Conj/Fire      #####        0%          1    None
 Infusion                 Chrm           ####         0%          1    None
 Pain                     Necr           ####         0%          1    None
 Shock                    Conj/Air       ####         0%          1    None
 Summon Butterflies       Summ           #######.     0%          1    None
 Shroud of Golubria       Chrm/Tloc      #######...   0%          2    None
 Slow                     Hex            #######.     0%          2    None
 Song of Slaying          Chrm           #######.     0%          2    None
 Throw Flame              Conj/Fire      ######       0%          2    None
 Call Canine Familiar     Summ           #######.     1%          3    None
 Confuse                  Hex            #######.     1%          3    None
 Gell's Gravitas          Tloc           #######...   1%          3    None
 Inner Flame              Hex/Fire       #######.     1%          3    None
 Vampiric Draining        Necr           #######...   1%          3    None
 Leda's Liquefaction      Hex/Erth       #######...   1%          4    None
 Petrify                  Tmut/Erth      #######.     1%          4    None
 Sticky Flame             Conj/Fire      #######.     1%          4    None
 Bolt of Magma            Conj/Fire/Erth #######...   1%          5    #......
 Metabolic Englaciation   Hex/Ice        #######...   1%          5    #......
 Yara's Violent Unravell  Hex/Tmut       #######...   1%          5    #......
 Statue Form              Tmut/Erth      #######..    1%          6    ####...
 Summon Hydra             Summ           #######...   4%          7    ######.
 Shatter                  Erth           #######...   100%        9    #######


Dungeon Overview and Level Annotations

Branches:
Dungeon (15/15)            Temple (1/1) D:6            Lair (6/6) D:8
 Shoals (4/4) Lair:4       Spider (4/4) Lair:2        Slime (0/5) Lair:5
    Orc (2/2) D:11            Elf (0/3) Orc:2        Vaults (3/5) D:13
 Depths (1/5) D:15
  Crypt: Vaults:2-3

Altars:
Ashenzari
Cheibriados
Dithmenos
Elyvilon
Fedhas
Gozag
Hepliaklqana
Kikubaaqudgha
Makhleb
Nemelex Xobeh
Okawaru
Qazlal
Ru
Sif Muna
Trog
Uskayaw
Vehumet
Wu Jian
Xom
Yredelemnul
Zin
The Shining One
Jiyva

Shops:
D:4 %[*(?   D:11 *?[}}   D:14 }   Orc:2 [[[[   Shoals:4 %   Vaults:2 *

Annotations:
D:6 Pikel
Lair:4 exclusion: 2 oklob plants
Spider:2 2 transporters, Noreul's ghost, adept MiBe
Vaults:1 3 runed doors, Cuqew's ghost, adept DsBe
Vaults:2 Mennas


Innate Abilities, Weirdness & Mutations

Your experience applies equally to all skills.
You have very sharp teeth.
Your uncanny sense of smell can sniff out nearby items.


Message History

Casting: Iron Shot (safe; 1% risk of failure)
Confirm with . or Enter, or press ? or * to list all spells.
Aiming: Iron Shot (safe; 1% risk of failure)
Press: ? - help, Shift-Dir - straight line, f/p - caustic shrike
Aim: a caustic shrike (heavily wounded)
The iron shot misses the caustic shrike.
The caustic shrike misses you.
Your mana viper barely misses the caustic shrike.
The caustic shrike misses you.
Casting: Iron Shot (safe; 1% risk of failure)
Confirm with . or Enter, or press ? or * to list all spells.
Aiming: Iron Shot (safe; 1% risk of failure)
Press: ? - help, Shift-Dir - straight line, f/p - caustic shrike
Aim: a caustic shrike (heavily wounded)
The iron shot misses the caustic shrike.
Your mana viper barely misses the caustic shrike.
The caustic shrike claws you!
* * * LOW HITPOINT WARNING * * *
You are splashed with acid!
The acid burns!
You die...

#..........#
#..........#
#........(.#
#..........#
#.........##
#.........#
#.........#
#bS.......#
#@........#
###########


You could see a caustic shrike and a friendly mana viper.

Vanquished Creatures
  Nikola (Spider:4)
  Arachne (Spider:2)
  A sphinx (Vaults:3)
  A storm dragon (Vaults:2)
  Ilsuiw (Shoals:3)
  4 emperor scorpions
  A frost giant (Shoals:4)
  3 vault wardens
  Louise (Shoals:2)
  5 ghost moths
  4 ironheart preservers
  2 entropy weavers
  An entropy weaver (shapeshifter) (Vaults:2)
  A vampire knight (D:15)
  4 very ugly things (Vaults:3)
  A stone giant (Vaults:2)
  A deep elf demonologist (Vaults:1)
  A spark wasp (Spider:2)
  5 merfolk javelineers
  2 ettins (D:15)
  2 fire dragons (Vaults:1)
  3 yaktaur captains
  4 ice dragons
  7 merfolk impalers
  2 rakshasas
  A great orb of eyes (Vaults:2)
  A hydra (Lair:1)
  4 vault guards (Vaults:2)
  6 two-headed ogres
  Erica (D:9)
  A merfolk avatar (Shoals:2)
  4 centaur warriors
  A merfolk aquamancer (Shoals:3)
  5 satyrs
  A dancing weapon (Vaults:3)
  6 death yaks (Lair:5)
  A shock serpent (shapeshifter) (Vaults:2)
  A storm dragon zombie (Vaults:2)
  Nergalle (D:10)
  A deep elf knight (Vaults:2)
  A shadow wraith (Vaults:1)
  2 unseen horrors
  An entropy weaver zombie (Vaults:2)
  A kraken simulacrum (Shoals:4)
  3 deep elf archers
  5 deep trolls (Vaults:2)
  A glowing orange brain (Vaults:2)
  5 sea snakes
  3 wizards
  9 harpies
  5 ironbrand convokers
  16 orb spiders
  31 wolf spiders
  7 deep elf magi
  2 necromancers
  A tengu zombie (Vaults:3)
  19 ugly things
  4 orc knights
  8 fauns
  A moth of wrath (Spider:4)
  6 orc sorcerers
  8 cyclopes
  A frost giant zombie (Vaults:2)
  11 manticores
  3 elephants (Lair:5)
  10 merfolk sirens
  4 vault sentinels
  6 spiny frogs
  7 torpor snails
  3 water nymphs
  A gargoyle (D:11)
  9 demonic crawlers
  2 freezing wraiths
  A kobold demonologist (D:11)
  6 komodo dragons
  8 yaktaurs
  4 wind drakes
  A wind drake (shapeshifter) (Vaults:1)
  A tyrant leech (Lair:6)
  19 merfolk
  A polar bear (Lair:5)
  2 trolls
  21 jumping spiders
  4 hornets
  Grinder (D:4)
  14 blink frogs
  4 slime creatures
  4 dream sheep (Shoals:3)
  2 snapping turtles (Shoals:4)
  6 hippogriffs
  69 redbacks
  3 water elementals
  A shadow (D:15)
  A tarantella (shapeshifter) (Vaults:3)
  3 wyverns
  A spriggan (D:7)
  25 tarantellas
  A basilisk (shapeshifter) (D:13)
  2 wraiths
  30 yaks
  A steam dragon (D:10)
  A golden eye (shapeshifter) (D:14)
  A hungry ghost (D:13)
  2 vampire mosquitoes (D:14)
  2 wargs (Orc:1)
  9 soldier ants
  3 acid dragons
  15 water moccasins
  A deep troll skeleton (Vaults:3)
  5 porcupines
  24 orc warriors
  A slave (D:6)
  8 ice beasts
  An eye of draining (D:15)
  3 black bears
  2 phantoms (D:6)
  12 centaurs
  4 sky beasts
  6 ogres
  A necrophage (D:7)
  5 wolves
  3 boggarts (D:14)
  A human skeleton (Vaults:3)
  12 crocodiles
  19 bullfrogs
  4 big kobolds
  An ogre simulacrum (Vaults:1)
  A wyvern skeleton (D:13)
  3 scorpions
  3 human simulacra
  9 killer bees
  14 wights
  6 howler monkeys
  An electric eel (D:11)
  4 bullfrog zombies
  8 crimson imps
  A lava snake (D:15)
  A quasit (D:13)
  8 hounds
  11 jellies
  23 orc priests
  Crazy Yiuf (D:4)
  A centaur skeleton (D:10)
  41 orc wizards
  5 iguanas
  6 hell rats
  21 worker ants
  A killer bee zombie (D:5)
  A hound zombie (D:8)
  A hound skeleton (D:10)
  2 mummies (D:7)
  A howler monkey zombie (D:7)
  A worker ant zombie (D:6)
  A howler monkey skeleton (D:11)
  23 adders
  17 gnolls
  8 river rats (D:8)
  A shadow imp (D:14)
  An ooze (D:1)
  An adder zombie (D:7)
  4 worms
  A dart slug (D:2)
  4 leopard geckos
  97 orcs
  7 bats
  7 giant cockroaches
  6 goblins
  9 hobgoblins
  10 jackals
  25 kobolds
  4 quokkas
  3 ball pythons
  8 frilled lizards
  A jackal skeleton (D:4)
  A leopard gecko zombie (D:5)
  3 quokka skeletons
  19 rats
  A fungus (Lair:5)
  2 plants (Shoals:4)
1111 creatures vanquished.

Vanquished Creatures (collateral kills)
  3 emperor scorpions
  A deep elf sorcerer (Vaults:2)
  An ironheart preserver (Vaults:2)
  A very ugly thing (Vaults:3)
  An entropy weaver (D:12)
  A stone giant (Orc:2)
  A deep elf annihilator (Vaults:2)
  2 merfolk javelineers
  2 fire dragons
  8 merfolk impalers
  A yaktaur captain (Vaults:1)
  4 hydras
  2 merfolk avatars
  A centaur warrior (D:15)
  2 merfolk aquamancers (Shoals:1)
  A satyr (Shoals:4)
  6 two-headed ogres
  A queen ant (D:12)
  An orc high priest (Orc:2)
  2 ogre magi
  A wizard (D:15)
  A flayed ghost (Vaults:2)
  4 sea snakes
  3 orc knights
  4 harpies
  2 ironbrand convokers (Vaults:1)
  5 orb spiders (Spider:4)
  3 deep elf magi
  2 deep elf archers
  2 lindwurms (Lair:6)
  14 ugly things
  6 manticores
  11 fauns
  2 orc sorcerers (Orc:2)
  6 cyclopes
  5 wolf spiders
  10 black mambas
  8 elephants
  2 water nymphs
  10 merfolk sirens
  A naga mage (D:15)
  3 torpor snails (Lair:6)
  A guardian serpent (Lair:6)
  15 spiny frogs
  A yaktaur (Vaults:1)
  8 demonic crawlers
  A rime drake (Lair:6)
  2 komodo dragons
  A jumping spider (Spider:3)
  A troll (D:15)
  21 merfolk
  A queen bee (Lair:2)
  2 polar bears (Lair:5)
  2 wind drakes
  9 hornets
  8 slime creatures
  4 snapping turtles
  5 blink frogs
  2 tyrant leeches (Lair:6)
  A fire giant simulacrum (Vaults:1)
  5 tarantellas
  8 redbacks
  A centaur simulacrum (D:14)
  4 water elementals
  A spriggan (Lair:5)
  14 yaks
  A human (shapeshifter) (D:15)
  9 wyverns
  A basilisk (Lair:4)
  3 vampire mosquitoes
  A warg (Orc:1)
  An acid dragon (D:14)
  15 soldier ants (D:12)
  12 water moccasins
  A porcupine (Lair:2)
  10 orc warriors
  An ice beast (Orc:1)
  A phantom (D:10)
  A sky beast (D:8)
  A black bear (Lair:4)
  A boggart (D:14)
  7 ogres
  5 wolves
  7 centaurs
  3 crocodiles
  4 bullfrogs
  2 scorpions
  22 killer bees (Lair:2)
  An electric eel (Spider:1)
  A bullfrog zombie (D:7)
  2 jellies (D:8)
  7 orc priests
  A bullfrog skeleton (D:8)
  A hell rat (Lair:5)
  14 orc wizards
  13 worker ants
  3 gnolls (D:8)
  A river rat (D:8)
  30 orcs
  A kobold (D:11)
  A quokka (D:8)
  A rat (D:8)
  8 fungi
  9 plants
468 creatures vanquished.

Vanquished Creatures (others)
  A merfolk aquamancer (Shoals:4)
  A tarantella (Spider:2)
  A redback (Spider:4)
  An orc warrior (D:15)
  A hound skeleton (D:4)
  A quokka (D:4)
  2 bushes
  29 fungi
  53 plants
  3 spectral weapons
  12 tentacles (Shoals:4)
  A withered plant (D:7)
106 creatures vanquished.

Grand Total: 1685 creatures vanquished

Notes
Turn   | Place    | Note
-------+----------+-------------------------------------------
     0 | D:1      | rabbit the Gnoll Wizard began the quest for the Orb.
     0 | D:1      | Reached XP level 1. HP: 13/13 MP: 8/8
   236 | D:1      | Reached XP level 2. HP: 19/19 MP: 10/10
   240 | D:1      | Learned a level 2 spell: Blink
   243 | D:1      | Learned a level 2 spell: Call Imp
   740 | D:2      | Reached XP level 3. HP: 25/25 MP: 11/11
   745 | D:2      | Learned a level 3 spell: Conjure Flame
   749 | D:2      | Learned a level 3 spell: Mephitic Cloud
   889 | D:2      | Reached skill level 1 in Invocations
   986 | D:2      | Reached skill level 1 in Fighting
   986 | D:2      | Reached skill level 1 in Short Blades
   986 | D:2      | Reached skill level 1 in Long Blades
   986 | D:2      | Reached skill level 1 in Axes
   986 | D:2      | Reached skill level 1 in Maces & Flails
   986 | D:2      | Reached skill level 1 in Polearms
   986 | D:2      | Reached skill level 1 in Staves
   986 | D:2      | Reached skill level 1 in Slings
   986 | D:2      | Reached skill level 1 in Bows
   986 | D:2      | Reached skill level 1 in Crossbows
   986 | D:2      | Reached skill level 1 in Throwing
   986 | D:2      | Reached skill level 1 in Armour
   986 | D:2      | Reached skill level 1 in Shields
   986 | D:2      | Reached skill level 1 in Unarmed Combat
   986 | D:2      | Reached skill level 1 in Evocations
  1117 | D:2      | Reached XP level 4. HP: 32/32 MP: 13/13
  1136 | D:2      | Found a hazy altar of Hepliaklqana.
  1137 | D:2      | Found a glowing golden altar of the Shining One.
  1379 | D:2      | Noticed a hand axe
  1380 | D:2      | Noticed a dagger
  1382 | D:2      | Found a hide-covered altar of Uskayaw.
  1689 | D:3      | Reached skill level 1 in Hexes
  1689 | D:3      | Reached skill level 1 in Charms
  1689 | D:3      | Reached skill level 1 in Necromancy
  1689 | D:3      | Reached skill level 1 in Transmutations
  1689 | D:3      | Reached skill level 1 in Fire Magic
  1689 | D:3      | Reached skill level 1 in Ice Magic
  1689 | D:3      | Reached skill level 1 in Air Magic
  1689 | D:3      | Reached skill level 1 in Earth Magic
  1689 | D:3      | Reached skill level 1 in Poison Magic
  2208 | D:3      | Reached XP level 5. HP: 34/37 MP: 6/14
  2683 | D:3      | Reached XP level 6. HP: 38/44 MP: 9/16
  3527 | D:4      | Reached skill level 5 in Dodging
  3743 | D:4      | Identified the +3 leather armour of Entitlement {MR+ Dex+3}
  3755 | D:4      | Reached XP level 7. HP: 48/50 MP: 4/18
  3974 | D:4      | Found Loupt's Armour Shoppe.
  4016 | D:4      | Noticed Grinder
  4069 | D:4      | Killed Grinder
  4267 | D:4      | Found Emneil's Assorted Antiques.
  4276 | D:4      | Found a white marble altar of Elyvilon.
  4307 | D:4      | Reached skill level 5 in Stealth
  4404 | D:4      | Found Soeleir's Food Shoppe.
  4464 | D:4      | Found a runed door.
  4500 | D:4      | Found Ratiraipp's Magic Scroll Emporium.
  4681 | D:4      | Found Wagir's Antique Weapon Shoppe.
  4779 | D:4      | Noticed Crazy Yiuf
  4787 | D:4      | Killed Crazy Yiuf
  4923 | D:5      | Entered Level 5 of the Dungeon
  4939 | D:5      | Reached XP level 8. HP: 43/57 MP: 10/19
  5159 | D:5      | Got a pair of transparent boots
  5166 | D:5      | Identified the +1 pair of boots of the Distant Future {rF+}
                  | (You found it on level 5 of the Dungeon)
  5730 | D:5      | Got a twitching garnet amulet
  5797 | D:5      | Found a blossoming altar of Fedhas.
  6273 | D:5      | Identified the amulet of the Skies Above {Acrobat +Blink
                  | +Inv rF+ MR+} (You found it on level 5 of the Dungeon)
  6305 | D:6      | Found a staircase to the Ecumenical Temple.
  6312 | Temple   | Entered the Ecumenical Temple
  6719 | Temple   | Became a worshipper of Ashenzari the Shackled
  6820 | D:6      | Noticed Pikel
  7331 | D:6      | Reached skill level 8 in Spellcasting
  8148 | D:6      | Reached XP level 9. HP: 51/65 MP: 21/21
  8721 | D:6      | Learned a level 4 spell: Animate Dead
  8892 | D:6      | Got the war axe "Nomaxas" {chop, rF+}
  9315 | D:7      | Found a bloodstained altar of Trog.
  9444 | D:6      | Learned a level 2 spell: Call Imp
 10282 | D:7      | Reached * piety under Ashenzari
 10404 | D:7      | Reached skill level 5 in Invocations
 10723 | D:7      | Found a basalt altar of Yredelemnul.
 11084 | D:7      | Reached XP level 10. HP: 73/73 MP: 10/22
 11160 | D:8      | Found a radiant altar of Vehumet.
 11284 | D:8      | Found a staircase to the Lair.
 11293 | Lair:1   | Entered Level 1 of the Lair of Beasts
 11471 | D:8      | Reached skill level 5 in Fighting
 11471 | D:8      | Reached skill level 5 in Short Blades
 11471 | D:8      | Reached skill level 5 in Long Blades
 11471 | D:8      | Reached skill level 5 in Axes
 11471 | D:8      | Reached skill level 5 in Maces & Flails
 11471 | D:8      | Reached skill level 5 in Polearms
 11471 | D:8      | Reached skill level 5 in Staves
 11471 | D:8      | Reached skill level 5 in Slings
 11471 | D:8      | Reached skill level 5 in Bows
 11471 | D:8      | Reached skill level 5 in Crossbows
 11471 | D:8      | Reached skill level 5 in Throwing
 11471 | D:8      | Reached skill level 5 in Armour
 11471 | D:8      | Reached skill level 5 in Shields
 11471 | D:8      | Reached skill level 5 in Unarmed Combat
 11471 | D:8      | Reached skill level 5 in Evocations
 11482 | D:8      | Noticed an unseen horror
 11493 | D:8      | Killed an unseen horror
 11861 | D:8      | Reached skill level 9 in Spellcasting
 12490 | D:8      | Reached skill level 5 in Conjurations
 12490 | D:8      | Reached skill level 5 in Summonings
 12490 | D:8      | Reached skill level 5 in Translocations
 13268 | D:9      | Noticed a two-headed ogre
 13325 | D:8      | Killed a two-headed ogre
 13531 | D:9      | Noticed a purple ugly thing
 13571 | D:8      | Killed a purple ugly thing
 13571 | D:8      | Reached XP level 11. HP: 35/81 MP: 13/24
 13836 | D:9      | Found a shadowy altar of Dithmenos.
 14463 | D:9      | Found a sacrificial altar of Ru.
 14480 | D:9      | Noticed Erica
 14521 | D:9      | Killed Erica
 14542 | D:9      | Reached skill level 5 in Hexes
 14542 | D:9      | Reached skill level 5 in Charms
 14542 | D:9      | Reached skill level 5 in Necromancy
 14542 | D:9      | Reached skill level 5 in Transmutations
 14542 | D:9      | Reached skill level 5 in Fire Magic
 14542 | D:9      | Reached skill level 5 in Ice Magic
 14542 | D:9      | Reached skill level 5 in Air Magic
 14542 | D:9      | Reached skill level 5 in Earth Magic
 14542 | D:9      | Reached skill level 5 in Poison Magic
 15107 | D:10     | Entered Level 10 of the Dungeon
 15509 | D:10     | Noticed Nergalle
 15529 | D:10     | Killed Nergalle
 15661 | D:10     | Noticed a two-headed ogre
 15700 | D:10     | Killed a two-headed ogre
 16132 | D:11     | Reached ** piety under Ashenzari
 16251 | D:11     | Found Noal's Gadget Emporium.
 16312 | D:11     | Noticed a cyclops
 16373 | D:11     | Found Saulaoti's Gadget Emporium.
 16470 | D:11     | Killed a cyclops
 16921 | D:11     | Found Urigam's Magic Scroll Boutique.
 16956 | D:11     | Noticed a two-headed ogre
 16971 | D:11     | Killed a two-headed ogre
 16971 | D:11     | Reached XP level 12. HP: 89/89 MP: 12/25
 17301 | D:11     | Found Ajaat's Antique Armour Emporium.
 17699 | D:11     | Reached skill level 10 in Spellcasting
 17737 | D:11     | Found a staircase to the Orcish Mines.
 18089 | D:11     | Found Qaeraed's General Store.
 18312 | D:12     | Found a labyrinth entrance.
 19054 | D:11     | Learned a level 4 spell: Summon Ice Beast
 19649 | D:12     | Noticed a queen ant
 19658 | D:12     | Killed a queen ant
 19864 | D:12     | Learned a level 3 spell: Spectral Weapon
 20627 | D:12     | Noticed an entropy weaver
 20661 | D:12     | Killed an entropy weaver
 20772 | D:12     | Noticed an entropy weaver
 20805 | D:12     | Killed an entropy weaver
 21590 | Lair:1   | Noticed a five-headed hydra
 21612 | Lair:1   | Killed a one-headed hydra
 21854 | D:4      | Bought a +2 helmet of see invisible for 215 gold pieces
 21891 | D:4      | Bought a scroll of remove curse for 39 gold pieces
 21891 | D:4      | Bought a scroll of remove curse for 39 gold pieces
 22175 | Lair:1   | Reached XP level 13. HP: 75/98 MP: 6/27
 22630 | Lair:1   | Reached *** piety under Ashenzari
 22827 | Lair:2   | Found a hole to the Spider Nest.
 24610 | Lair:3   | Learned a level 5 spell: Summon Mana Viper
 24617 | Lair:3   | Learned a level 6 spell: Iron Shot
 25516 | Lair:3   | Reached **** piety under Ashenzari
 26258 | Lair:4   | Found a staircase to the Shoals.
 28180 | Lair:5   | Found a staircase to the Slime Pits.
 28180 | Lair:5   | Found a viscous altar of Jiyva.
 28447 | Lair:5   | Reached skill level 11 in Spellcasting
 28984 | Lair:5   | Reached XP level 14. HP: 83/106 MP: 12/29
 29825 | Lair:5   | Found the +8 whip "Snakebite" {curare, rPois}
 29892 | Lair:6   | Entered Level 6 of the Lair of Beasts
 29935 | Lair:6   | Reached skill level 10 in Dodging
 30144 | Lair:6   | Reached ***** piety under Ashenzari
 31039 | Lair:6   | Reached skill level 10 in Stealth
 31280 | Lair:6   | Found a runed door.
 31838 | Lair:6   | Identified the ring of Fragile Peace {-Tele MR++ Int+5
                  | SInv}
 31877 | Lair:6   | Reached skill level 10 in Invocations
 32469 | Lair:6   | Identified the ring of Creativity {rN+ MP+9 Stlth+}
 33492 | Orc:1    | Entered Level 1 of the Orcish Mines
 33692 | Orc:1    | Found a deep blue altar of Sif Muna.
 33751 | Orc:1    | Identified Sif Muna's Collected Works on Air
 34502 | Orc:2    | Entered Level 2 of the Orcish Mines
 34502 | Orc:2    | Found a staircase to the Elven Halls.
 34624 | Orc:2    | Noticed a stone giant
 34648 | Orc:2    | Killed a stone giant
 35433 | Orc:2    | Reached XP level 15. HP: 82/114 MP: 2/30
 35738 | Orc:2    | Learned a level 3 spell: Regeneration
 35770 | Orc:2    | Found Ingiengi's Armour Emporium.
 35771 | Orc:2    | Found Qiarph's Armour Emporium.
 35774 | Orc:2    | Found Asapnira's Armour Shoppe.
 35777 | Orc:2    | Found Jalol's Armour Shoppe.
 36197 | Orc:2    | Bought a +0 cloak of poison resistance for 102 gold pieces
 36380 | Spider:1 | Entered Level 1 of the Spider Nest
 37035 | D:13     | Got the uncursed chain mail of Zoh Pian {Int+4}
 37046 | D:13     | Identified the +1 chain mail of Zoh Pian {Int+4} (You found
                  | it on level 13 of the Dungeon)
 37327 | D:13     | Found an opulent altar of Gozag.
 37890 | D:13     | Found a gate to the Vaults.
 38207 | D:14     | Found Fumit's Gadget Boutique.
 38850 | D:14     | Bought a wand of scattershot (8) for 540 gold pieces
 39226 | D:15     | Entered Level 15 of the Dungeon
 39959 | D:15     | Reached skill level 12 in Spellcasting
 40270 | D:15     | Reached skill level 10 in Fighting
 40270 | D:15     | Reached skill level 10 in Short Blades
 40270 | D:15     | Reached skill level 10 in Long Blades
 40270 | D:15     | Reached skill level 10 in Axes
 40270 | D:15     | Reached skill level 10 in Maces & Flails
 40270 | D:15     | Reached skill level 10 in Polearms
 40270 | D:15     | Reached skill level 10 in Staves
 40270 | D:15     | Reached skill level 10 in Slings
 40270 | D:15     | Reached skill level 10 in Bows
 40270 | D:15     | Reached skill level 10 in Crossbows
 40270 | D:15     | Reached skill level 10 in Throwing
 40270 | D:15     | Reached skill level 10 in Armour
 40270 | D:15     | Reached skill level 10 in Shields
 40270 | D:15     | Reached skill level 10 in Unarmed Combat
 40270 | D:15     | Reached skill level 10 in Evocations
 40325 | D:15     | Found a staircase to the Depths.
 40925 | Shoals:1 | Entered Level 1 of the Shoals
 42671 | Shoals:2 | Identified the +4 war axe "Nomaxas" {chop, rF+} (You took
                  | it off an orc on level 6 of the Dungeon)
 42929 | Shoals:2 | Reached XP level 16. HP: 122/122 MP: 32/32
 43564 | Shoals:2 | Noticed Louise
 43580 | Shoals:2 | Killed Louise
 45454 | Shoals:4 | Entered Level 4 of the Shoals
 46375 | Shoals:3 | Upgraded the game from 0.23-a0-333-g006994f to
                  | 0.23-a0-335-gba3dfdf
 46393 | Shoals:4 | Reached ****** piety under Ashenzari
 46453 | Shoals:4 | Found Butol's Food Boutique.
 46973 | Shoals:3 | Noticed Ilsuiw
 47395 | Shoals:3 | Killed Ilsuiw
 49864 | Shoals:4 | Got a barnacled rune of Zot
 50075 | Shoals:4 | Reached XP level 17. HP: 131/131 MP: 29/33
 50515 | Shoals:4 | Identified the amulet of Syndicalism {Reflect rPois Str-4
                  | Dex+3 SH+3}
 51666 | Spider:1 | Reached skill level 13 in Spellcasting
 54604 | Spider:2 | Reached skill level 10 in Conjurations
 54604 | Spider:2 | Reached skill level 10 in Summonings
 54604 | Spider:2 | Reached skill level 10 in Translocations
 54810 | Spider:2 | Found a transporter.
 54831 | Spider:2 | Found a transporter.
 54831 | Spider:2 | Noticed Noreul's ghost (adept MiBe)
 56587 | Spider:2 | Noticed Arachne
 56598 | Spider:2 | Killed Arachne
 58856 | Spider:3 | Reached skill level 10 in Hexes
 58856 | Spider:3 | Reached skill level 10 in Charms
 58856 | Spider:3 | Reached skill level 10 in Necromancy
 58856 | Spider:3 | Reached skill level 10 in Transmutations
 58856 | Spider:3 | Reached skill level 10 in Fire Magic
 58856 | Spider:3 | Reached skill level 10 in Ice Magic
 58856 | Spider:3 | Reached skill level 10 in Air Magic
 58856 | Spider:3 | Reached skill level 10 in Earth Magic
 58856 | Spider:3 | Reached skill level 10 in Poison Magic
 59202 | Spider:4 | Entered Level 4 of the Spider Nest
 59693 | Spider:4 | Noticed Nikola
 60080 | Spider:4 | Reached XP level 18. HP: 139/139 MP: 35/35
 65374 | Spider:4 | Killed Nikola
 65664 | D:11     | Bought a scroll of enchant weapon for 135 gold pieces
 66663 | Spider:4 | Got a gossamer rune of Zot
 67345 | Vaults:1 | Entered Level 1 of the Vaults
 70351 | Vaults:1 | Found a runed gate.
 70351 | Vaults:1 | Found a runed gate.
 70351 | Vaults:1 | Found a runed gate.
 70351 | Vaults:1 | Noticed a deep elf master archer
 70357 | Vaults:1 | Found an iron altar of Okawaru.
 70357 | Vaults:1 | Noticed a titan
 70357 | Vaults:1 | Noticed Cuqew's ghost (adept DsBe)
 70358 | Vaults:1 | Identified the cursed +1 leather armour of Hedge Wizardry
                  | {-Tele rC+ Int+2}
 70715 | Vaults:1 | Learned a level 5 spell: Fireball
 71212 | Vaults:2 | Found Moocatul's General Store.
 71644 | Vaults:1 | Upgraded the game from 0.23-a0-335-gba3dfdf to
                  | 0.23-a0-338-g8ff0b24
 71693 | Vaults:2 | Reached XP level 19. HP: 78/147 MP: 18/36
 72413 | Vaults:2 | Noticed Mennas
 72577 | Vaults:2 | Reached skill level 14 in Spellcasting
 75125 | Depths:1 | Entered Level 1 of the Depths
 75128 | Depths:1 | Noticed a caustic shrike
 75434 | D:15     | HP: 2/148 [acid (9)]
 75471 | D:15     | HP: 4/148 [caustic shrike (11)]
 75471 | D:15     | Splashed by a caustic shrike's acid

Vault maps used:
D:1:      dpeg_arrival_pits
D:2:      dancing_weapons_uskayaw, gammafunk_temple_overflow_statue,
          minmay_ruptured
D:3:      first_ration, minmay_fountain_box, kennysheep_cluttered_room
D:4:      elyvilon_altar_4, serial_shops, shop, kennysheep_little_box,
          nicolae_shop_overgrown_old_shop, shop, nicolae_shop_statue_plus,
          uniq_grinder, uniq_crazy_yiuf_cottage
D:5:      kennysheep_six_static_rooms, lemuel_crystal_altar,
          minmay_misc_feat_rugged
D:6:      kennysheep_windowed_halls, minmay_temple_entry_crystal_x, uniq_pikel
D:7:      lemuel_doored_altar, kennysheep_mini_moat, serial_undead,
          serial_undead_f, serial_undead_d, serial_undead_c, serial_undead_b,
          the_bakery, kennysheep_generic_room_11
D:8:      lemuel_ratsnest, vehumet_altar_wand_db, lair_entry_dummy
D:9:      marbit_many_paths, nicolae_ru_great_annihilating_truth, minivault_24,
          uniq_erica
D:10:     uniq_nergalle
D:11:     erik_orc_2, serial_shops, shop, nicolae_shop_crystal,
          nicolae_shop_crystal, shop_coins,
          nicolae_shop_competitors_out_of_business
D:12:     lab_entry_generic, minivault_22, spider_trap, minivault_29
D:13:     david_vaults_4, grunt_gozag_statues
D:14:     serial_shops, shop_fountains, minmay_misc_feat_doors
D:15:     grunt_enter_depths_magical_seal
Temple:   minmay_temple_forest_path
Lair:1:   serial_bayou_shore_b
Lair:2:   nicolae_spider_entry_non_spiders, special_room, grunt_megastairs_5
Lair:3:   serial_bayou_pond_c, chequers_serial_rivers_micro_a,
          grunt_forest_stairs_basic
Lair:4:   minmay_shoals_entry_beasts, grunt_megastairs_1,
          minmay_lair_oklob_chamber
Lair:5:   minmay_guarded_unrand_snakebite, slime_altar_1,
          grunt_forest_large_clearing_hut
Lair:6:   hangedman_lair_tendril_chambers, wormcave, grunt_megastairs_3,
          uniq_rupert
Shoals:1: argonaut_golden_fleece, nicolae_shoals_flooded_hall
Shoals:2: uniq_louise
Shoals:3: st_cyclops, uniq_ilsuiw
Shoals:4: shoals_end_grunt_ice, serial_shops, shop,
          nicolae_shoals_stone_sculpture_thing, nicolae_shoals_cliffside_cave
Spider:2: gammafunk_ghost_arena, nicolae_orb_island, uniq_arachne
Spider:4: grunt_spider_rune_circles, nicolae_spider_webbed_stairs, uniq_nikola
Orc:1:    portal_ice_cave_entry_ice_beasts, led_sif_book
Orc:2:    st_orc_mages, minmay_orc_barracks
Vaults:1: gammafunk_vaults_ghost_fury_of_okawaru, v_misc_14,
          vaults_room_ringed_pool, v_misc_14, vaults_mumra_chevron_long,
          hangedman_vaults_stretched_pinwheel, v_misc_31,
          vaults_dpeg_encased_lava, vaults_room_fancy_cross,
          grunt_vaults_hallway_short, nicolae_vaults_mini_display_case
Vaults:2: grunt_vaults_twisty, v_misc_18, hangedman_vaults_capsules,
          nicolae_vaults_little_squares_2, nicolae_vaults_c_with_doors,
          ontoclasm_vaults_tryst, v_misc_14,
          vaults_room_grunt_arrival_checkpoint, ontoclasm_vaults_ring_small,
          nicolae_vaults_border_crossing, vaults_room_corners, serial_shops,
          nicolae_shop_stone, uniq_mennas
Vaults:3: blue_anna_dwarven_crypt, v_misc_4, hangedman_vaults_cutoff,
          vaults_room_hangedman_quadrants, vaults_room_corners,
          hangedman_vaults_nails, hangedman_vaults_trim, vaults_dpeg_diagonal,
          nicolae_vaults_little_squares_4, v_pattern_5,
          ontoclasm_vaults_loading_screen, hangedman_vaults_corner_blocks,
          ontoclasm_vaults_decontamination, basic_altar
Depths:1: grunt_hell_horde, special_room, evilmike_ruin_ashenzari, abyss_entry,
          evilmike_ambush, roderic_lattice_octagonal_star

Skill      XL: |  1  2  3  4  5  6  7  8  9 10 11 12 13 14 15 16 17 18 19 |
---------------+----------------------------------------------------------+-----
Conjurations   | 2 3 4 5 6 7 8 9 10 11 | 11.1
Summonings     | 2 3 4 5 6 7 8 9 10 11 | 11.1
Translocations | 2 3 4 5 6 7 8 9 10 11 | 11.1
Invocations    | 1 2 3 4 5 6 7 8 9 10 11 12 13 | 13.7
Fighting       | 1 2 3 4 5 6 7 8 9 10 11 12 | 12.7
Short Blades   | 1 2 3 4 5 6 7 8 9 10 11 12 | 12.7
Long Blades    | 1 2 3 4 5 6 7 8 9 10 11 12 | 12.7
Axes           | 1 2 3 4 5 6 7 8 9 10 11 12 | 12.7
Maces & Flails | 1 2 3 4 5 6 7 8 9 10 11 12 | 12.7
Polearms       | 1 2 3 4 5 6 7 8 9 10 11 12 | 12.7
Staves         | 1 2 3 4 5 6 7 8 9 10 11 12 | 12.7
Slings         | 1 2 3 4 5 6 7 8 9 10 11 12 | 12.7
Bows           | 1 2 3 4 5 6 7 8 9 10 11 12 | 12.7
Crossbows      | 1 2 3 4 5 6 7 8 9 10 11 12 | 12.7
Throwing       | 1 2 3 4 5 6 7 8 9 10 11 12 | 12.7
Armour         | 1 2 3 4 5 6 7 8 9 10 11 12 | 12.7
Shields        | 1 2 3 4 5 6 7 8 9 10 11 12 | 12.7
Unarmed Combat | 1 2 3 4 5 6 7 8 9 10 11 12 | 12.7
Evocations     | 1 2 3 4 5 6 7 8 9 10 11 12 | 12.7
Hexes          | 1 2 3 4 5 6 7 8 9 10 | 10.9
Charms         | 1 2 3 4 5 6 7 8 9 10 | 10.9
Necromancy     | 1 2 3 4 5 6 7 8 9 10 | 10.9
Transmutations | 1 2 3 4 5 6 7 8 9 10 | 10.9
Fire Magic     | 1 2 3 4 5 6 7 8 9 10 | 10.9
Ice Magic      | 1 2 3 4 5 6 7 8 9 10 | 10.9
Air Magic      | 1 2 3 4 5 6 7 8 9 10 | 10.9
Earth Magic    | 1 2 3 4 5 6 7 8 9 10 | 10.9
Poison Magic   | 1 2 3 4 5 6 7 8 9 10 | 10.9
Dodging        | 5 6 7 8 9 10 11 12 13 | 13.4
Stealth        | 5 6 7 8 9 10 11 12 13 | 13.3
Spellcasting   | 8 9 10 11 12 13 14 | 14.2

Action                   |  1- 3 |  4- 6 |  7- 9 | 10-12 | 13-15 | 16-18 | 19-21 || total
-------------------------+-------+-------+-------+-------+-------+-------+-------++-------
Melee: Short sword       |     3 |    38 |       |       |       |       |       ||    41
       Bite              |     1 |     3 |    14 |    68 |   133 |   214 |    38 ||   471
       Dagger            |       |    10 |   191 |   630 |  1250 |  1468 |       ||  3549
       Punch             |       |     1 |     2 |     6 |       |       |       ||     9
       Trident           |       |       |   230 |   272 |       |       |       ||   502
       Scimitar          |       |       |       |     7 |       |       |       ||     7
       Rapier            |       |       |       |       |       |   402 |   355 ||   757
       Demon trident     |       |       |       |       |       |   195 |       ||   195
       Staff             |       |       |       |       |       |     3 |       ||     3
 Fire: Hunting sling     |    70 |    57 |   124 |   135 |    18 |       |       ||   404
Throw: Stone             |       |       |     6 |     7 |     3 |       |       ||    16
 Cast: Magic Dart        |    33 |    67 |   142 |    33 |       |       |     1 ||   276
       Mephitic Cloud    |       |    21 |    27 |    75 |    30 |    69 |     9 ||   231
       Conjure Flame     |       |     8 |    31 |    62 |     2 |     1 |       ||   104
       Blink             |       |     8 |    15 |    34 |    21 |    25 |     3 ||   106
       Animate Dead      |       |       |     5 |    28 |    49 |    16 |     5 ||   103
       Call Imp          |       |       |     1 |       |       |       |       ||     1
       Summon Ice Beast  |       |       |       |    60 |   400 |   285 |    41 ||   786
       Spectral Weapon   |       |       |       |     2 |    17 |     6 |    16 ||    41
       Iron Shot         |       |       |       |       |     7 |    17 |     4 ||    28
       Summon Mana Viper |       |       |       |       |     3 |    18 |     4 ||    25
       Regeneration      |       |       |       |       |     3 |       |       ||     3
Invok: Curse Item        |       |       |     2 |     2 |     6 |     2 |       ||    12
       Scrying           |       |       |       |       |       |     2 |       ||     2
Evoke: Wand              |       |       |       |     4 |       |       |       ||     4
  Use: Scroll            |     3 |     4 |    11 |    14 |     9 |     7 |     4 ||    52
       Potion            |       |       |       |       |     1 |       |       ||     1
 Stab: Sleeping          |       |     3 |     4 |     9 |    27 |    19 |     6 ||    68
       Confused          |       |     5 |     6 |    22 |     9 |    27 |     9 ||    78
       Distracted        |       |       |     1 |     3 |    12 |    21 |    11 ||    48
  Eat: Chunk             |       |     8 |    16 |    30 |    45 |    30 |     7 ||   136
       Ration            |       |       |     2 |     2 |     7 |    19 |     2 ||    32
Armor: Robe              |     2 |    10 |     9 |       |       |       |       ||    21
       Leather armour    |       |       |    54 |   113 |   123 |   275 |    36 ||   601
Dodge: Dodged            |    17 |    51 |   150 |   424 |   769 |  1800 |   186 ||  3397
Block: Shield            |       |       |       |    99 |   518 |  1281 |   149 ||  2047

Table legend:
 A = Non-vault XP
 B = Vault XP
 C = Vault XP percentage of total XP
 D = Non-vault monster count
 E = Vault monster count
 F = Vault count percentage of total count
                 A         B        C        D         E       F
            +---------+---------+-------+---------+---------+-------
      Total |  224601 |  145529 |  39.3 |    1076 |     485 |  31.1
            +---------+---------+-------+---------+---------+-------
        D:1 |      27 |       0 |   0.0 |      14 |       0 |   0.0
        D:2 |      45 |      12 |  21.1 |      19 |       4 |  17.4
        D:3 |     431 |       0 |   0.0 |      40 |       0 |   0.0
        D:4 |     344 |     326 |  48.7 |      26 |       2 |   7.1
        D:5 |     364 |     181 |  33.2 |      15 |       5 |  25.0
        D:6 |     814 |     451 |  35.7 |      28 |      11 |  28.2
        D:7 |    1249 |     496 |  28.4 |      36 |       9 |  20.0
        D:8 |    3739 |     684 |  15.5 |      50 |      32 |  39.0
        D:9 |    1783 |     972 |  35.3 |      29 |       5 |  14.7
       D:10 |    2569 |     804 |  23.8 |      29 |       1 |   3.3
       D:11 |    4978 |     941 |  15.9 |      48 |      21 |  30.4
       D:12 |    3830 |    4601 |  54.6 |      33 |      44 |  57.1
       D:13 |     848 |    2258 |  72.7 |      14 |       4 |  22.2
       D:14 |    8269 |       0 |   0.0 |      51 |       0 |   0.0
       D:15 |    7267 |    6777 |  48.3 |      31 |      13 |  29.5
     Lair:1 |    2615 |       0 |   0.0 |      13 |       0 |   0.0
     Lair:2 |    8239 |    1399 |  14.5 |      34 |      35 |  50.7
     Lair:3 |    7346 |     218 |   2.9 |      41 |       1 |   2.4
     Lair:4 |    1552 |     847 |  35.3 |       9 |       3 |  25.0
     Lair:5 |    8944 |    1858 |  17.2 |      37 |      12 |  24.5
     Lair:6 |    8744 |   11168 |  56.1 |      46 |      59 |  56.2
   Shoals:1 |    9404 |    5503 |  36.9 |      33 |      12 |  26.7
   Shoals:2 |   10395 |    1620 |  13.5 |      25 |       1 |   3.8
   Shoals:3 |   16217 |   10331 |  38.9 |      46 |      17 |  27.0
   Shoals:4 |   11039 |   16648 |  60.1 |      27 |      34 |  55.7
   Spider:1 |   13364 |       0 |   0.0 |      38 |       0 |   0.0
   Spider:2 |   11167 |    6048 |  35.1 |      38 |       6 |  13.6
   Spider:3 |   19627 |    4847 |  19.8 |      66 |       5 |   7.0
   Spider:4 |    6421 |   21434 |  76.9 |      19 |      32 |  62.7
      Orc:1 |    2789 |    1056 |  27.5 |      35 |      10 |  22.2
      Orc:2 |    1421 |    4729 |  76.9 |       9 |      58 |  86.6
   Vaults:1 |   21310 |    5343 |  20.0 |      42 |       9 |  17.6
   Vaults:2 |   22358 |   20128 |  47.4 |      39 |      26 |  40.0
   Vaults:3 |    5092 |   13849 |  73.1 |      16 |      14 |  46.7
            +---------+---------+-------+---------+---------+-------
